 Dungeon Crawl Stone Soup version 0.29-a0-653-gd47aff6735 (webtiles) character file.

Game seed: 12483621208723407694

39 DocClef the Skirmisher (level 3, -4/32 HPs)
             Began as a Formicid Fighter on June 21, 2022.
             Engulfed by a cloud of flame (24 damage)
             ... on level 2 of the Dungeon.
             The game lasted 00:01:01 (1057 turns).

DocClef the Skirmisher (Formicid Fighter)           Turns: 1057, Time: 00:01:02

Health: -4/32      AC:  6    Str: 22    XL:     3   Next: 67%
Magic:  3/3        EV:  9    Int:  7    God:
Gold:   72         SH:  5    Dex: 13    Spells: 2/2 levels left

rFire   . . .      SeeInvis +   a - +0 war axe
rCold   . . .      Faith    .   c - +0 buckler
rNeg    . . .      Spirit   .   b - +0 scale mail
rPois   .          Reflect  .   (helmet unavailable)
rElec   .          Harm     .   (no cloak)
rCorr   .          Rampage  .   (no gloves)
Will    .....                   (no boots)
Stlth   ..........              (no amulet)
HPRegen 0.10/turn               (no ring)
MPRegen 0.08/turn               (no ring)

@: no status effects
A: permanent stasis, dig shafts and tunnels, antennae 3, four strong arms
a: Dig, Shaft Self


You were on level 2 of the Dungeon.
You visited 1 branch of the dungeon, and saw 2 of its levels.

You collected 72 gold pieces.

Inventory:

Hand Weapons
 a - a +0 war axe (weapon)
Armour
 b - a +0 scale mail (worn)
 c - a +0 buckler (worn)
Scrolls
 g - a scroll of magic mapping
Potions
 d - 2 potions of might
 e - a potion of resistance {unknown}
 f - a potion of brilliance {unknown}
 h - a potion of curing


   Skills:
 + Level 4.9 Fighting
 - Level 2.0 Axes
 - Level 3.2 Armour
 - Level 4.0 Shields


You had 2 spell levels left.
You didn't know any spells.
Your spell library contained the following spells:

 Spells                   Type           Power      Damage    Failure   Level
 Passage of Golubria      Tloc           0%         N/A       100%        4
 Silence                  Hex/Air        0%         N/A       100%        5
 Lehudib's Crystal Spear  Conj/Erth      0%         10d2      100%        8
 Chain Lightning          Conj/Air       0%         N/A       100%        9
 Fire Storm               Conj/Fire      0%         5d1       100%        9
 Shatter                  Erth           0%         3d5*      100%        9


Dungeon Overview and Level Annotations

Branches:
Dungeon (2/15)

Altars:


Innate Abilities, Weirdness & Mutations

You cannot be hasted, slowed, berserked, paralysed or teleported.
You can dig through walls and to a lower floor.
You have a pair of large antennae on your head. (SInv)
Your four strong arms can wield two-handed weapons with a shield.


Message History

The hobgoblin is almost dead.
The hobgoblin closely misses you. The hobgoblin barely misses you.
You barely miss the hobgoblin.
The hobgoblin is almost dead.
A rat comes into view.
The hobgoblin barely misses you.
You slash the hobgoblin!
You kill the hobgoblin!
The rat closely misses you.
You closely miss the rat. The rat barely misses you.
The rat closely misses you.
You slash the rat!
You kill the rat!
No target in view!
No target in view!
No target in view!
No target in view!
No target in view!
No target in view!
No target in view!
No target in view!
No target in view!
No target in view!
h - a potion of curing
i - a scroll labelled MUOSHI RUFUA A rat comes into view.
A rat is nearby!
As you read the scroll labelled MUOSHI RUFUA, it crumbles to dust.
The creatures around you are filled with an inner flame!
It was a scroll of immolation.
A rat is nearby!
A rat is nearby!
A rat is nearby!
A rat is nearby!
The rat barely misses you.
You hit the rat.
The rat explodes!
The fiery explosion engulfs you!
You are engulfed in blazing flames.
Ouch! That really hurt!
You die...

################
#..............# #
####..............##. #
...'...............{...
####..............##.#
####..................
...#............$.#.
.∩................#
................@.#
)⌠#..............§#
...†......####..§§§..
#.#.####### #..###....
#.#.# ##.# ###.. #.#.#
#.# . ..#.# #.. ###(# #
#.. ###.# ##.#


There were no monsters in sight!

Vanquished Creatures
  3 dart slugs (D:1)
  7 endoplasms (D:1)
  2 giant cockroaches (D:1)
  2 goblins
  2 hobgoblins
  A quokka (D:1)
  3 ball pythons (D:1)
  2 bats (D:1)
  5 kobolds (D:1)
  6 rats
33 creatures vanquished.

Notes
Turn   | Place    | Note
-------+----------+-------------------------------------------
     0 | D:1      | DocClef the Formicid Fighter began the quest for the Orb.
     0 | D:1      | Reached XP level 1. HP: 18/18 MP: 1/1
    89 | D:1      | Reached XP level 2. HP: 16/25 MP: 2/2
   501 | D:1      | Reached XP level 3. HP: 31/31 MP: 3/3
  1008 | D:2      | Found a faded altar of an unknown god.
  1057 | D:2      | Engulfed by a cloud of flame

Illustrated notes

Levels and vault maps discovered:
D:1:      saegor_arrival_simple_e, layout_rooms, minmay_ruptured
D:2:      layout_basic, ebering_ecumenical_altar_abandoned

Skill      XL: |  1  2 |
---------------+-------+-----
Fighting       | 4 |  4.9
Axes           | |  2.0
Armour         | |  3.2
Shields        | |  4.0

Action                   || total
-------------------------++-------
Melee: War axe           ||    79
  Use: Scroll            ||     4
       Potion            ||     1
Armor: Scale mail        ||    34
Dodge: Dodged            ||    35
Block: Buckler           ||    19

Table legend: (Time is in decaauts)
 A = Elapsed time spent in this place.
 B = Non-inter-level travel time spent in this place.
 C = Inter-level travel time spent in this place.
 D = Time resting spent in this place.
 E = Time spent auto-exploring this place.
 F = Levels seen in this place.
 G = Mean time per level.
                   A        B        C        D        E       F      G
               +--------+--------+--------+--------+--------+-----+--------+
         Total |   1090 |   1080 |     10 |    139 |    714 |   2 |  545.0 |
       Dungeon |   1090 |   1080 |     10 |    139 |    714 |   2 |  545.0 |
               +--------+--------+--------+--------+--------+-----+--------+

Top non-repeatable levels by time:
     D:1: 1009 daAuts
     D:2: 81 daAuts
